 Dungeon Crawl Stone Soup version 0.16-a0-3154-g62f4276 (webtiles) character file.

371 LogicNinja the Chopper (level 6, 7/36 HPs)
             Began as a Lacertilian Berserker on Jan 1, 2015.
             Was a High Priest of Trog.
             Quit the game on level 4 of the Dungeon.
             The game lasted 00:07:25 (4490 turns).

LogicNinja the Chopper (Lacertilian Berserker)      Turns: 4490, Time: 00:07:25

Health: 7/36       AC:  8    Str: 20    XL:     6   Next: 42%
Magic:  5/5        EV: 15    Int:  7    God:    Trog [*****.]
Gold:   117        SH:  0    Dex: 14    Spells: 0 memorised, 5 levels left

rFire  . . .     SeeInvis .     a - +0 hand axe
rCold  . . .     Clarity  .     v - +2 robe {MR+}
rNeg   . . .     SustAb   .     (no shield)
rPois  +         Gourm    .     (no helmet)
rElec  .         Spirit   .     e - +0 cloak
rCorr  .         Warding  .     (no gloves)
rMut   .         Stasis   .     (no boots)
MR     +....                    (no amulet)
Stlth  ++........               t - -2 ring of slaying (curse)
                                s - +3 ring of evasion

@: exhausted, slowed, very slow, somewhat resistant to hostile enchantments,
unstealthy
A: strong connection with the divine, slimy green scales 2, camouflage 1, frail
1, poison resistance, strong 1
a: Burn Spellbooks, Berserk, Trog's Hand, Brothers in Arms, Renounce Religion


You were on level 4 of the Dungeon.
You worshipped Trog.
Trog was extremely pleased with you.
You were very hungry.

You visited 1 branch of the dungeon, and saw 4 of its levels.

You collected 117 gold pieces.

Inventory:

Hand weapons
 a - a +0 hand axe (weapon)
 p - a +0 blowgun
 x - a +1 antimagic battleaxe
Missiles
 q - 8 poisoned needles
Armour
 e - a +0 cloak (worn)
 v - a +2 robe of magic resistance (worn)
Jewellery
 o - an uncursed ring of fire
 s - a +3 ring of evasion (left hand)
 t - a cursed -2 ring of slaying (right hand)
Magical devices
 u - a wand of digging (15)
Scrolls
 b - a scroll of enchant armour {unknown}
 j - a scroll of fear
 l - a scroll of immolation {unknown}
 n - 2 scrolls of identify
 w - a scroll of recharging {unknown}
Potions
 d - 3 potions of curing
 h - 2 potions of invisibility {unknown}
 i - a potion of magic {unknown}
 m - 2 potions of brilliance {unknown}
Comestibles
 c - 5 bread rations
 g - 2 meat rations
 k - 2 beef jerkies


   Skills:
 - Level 2.4 Fighting
 * Level 6.7 Axes
 - Level 2.0 Armour
 - Level 2.0 Dodging


You had 5 spell levels left.
You didn't know any spells.

Dungeon Overview and Level Annotations

Branches:
Dungeon (4/15)
 Temple: D:4-7

Altars:
Ashenzari

Annotations:
D:4 LogicNinja's ghost, experienced LaBe


Innate Abilities, Weirdness & Mutations

You have a strong connection with the divine.
You may change religions without suffering divine wrath.
You are mostly covered in slimy green scales (AC +3).
Your skin changes colour to match your surroundings (Stealth).
You are frail (-10% HP).
Your system is resistant to poisons.
Your muscles are strong. (Str +2)


Message History

You hit LogicNinja's ghost.
Your tail-slap misses LogicNinja's ghost.
LogicNinja's ghost is almost destroyed.
You are no longer berserk.
You are exhausted.
You feel yourself slow down.
You are feeling very hungry.
LogicNinja's ghost hits you.
* * * LOW HITPOINT WARNING * * *
Drink which item? (? for menu, Esc to quit)
You feel much better. LogicNinja's ghost closely misses you.
Drink which item? (? for menu, Esc to quit)
It was a potion of curing.
You feel better. LogicNinja's ghost hits you. LogicNinja's ghost hits you!
Drink which item? (? for menu, Esc to quit)
It was a potion of mutation.
You feel extremely strange.
You feel frail.
You feel stronger.
You feel resistant to poisons. LogicNinja's ghost hits you!
* * * LOW HITPOINT WARNING * * *
Are you sure you want to abandon this character and quit the game? (Confirm with "yes".)

... ........#
....<....#
..........#
...........#
............#
.............#
.........W...#
...........@..#
#..............#
#.............##
#.............#
####......##.##
##.##### ## #.##
##.######
##.......##


You could see LogicNinja's ghost.

Vanquished Creatures
  An ogre (D:4)
  Sigmund (D:3)
  Terence (D:3)
  Robin (D:3)
  6 adders
  3 gnolls (D:2)
  A giant mite (D:3)
  A worm (D:3)
  4 giant geckos
  An ooze (D:3)
  2 orcs (D:3)
  9 bats
  4 giant cockroaches
  9 hobgoblins
  9 jackals
  3 quokkas
  8 giant newts
  17 goblins
  5 kobolds
  13 rats
99 creatures vanquished.

Notes
Turn   | Place    | Note
--------------------------------------------------------------
     0 | D:1      | LogicNinja, the Lacertilian Berserker, began the quest for the Orb.
     0 | D:1      | Reached XP level 1. HP: 15/15 MP: 1/1
   175 | D:1      | Reached skill level 3 in Axes
   211 | D:1      | Reached XP level 2. HP: 13/20 MP: 2/2
   553 | D:1      | Acquired Trog's second power
  1116 | D:2      | Reached XP level 3. HP: 17/25 MP: 3/3
  1328 | D:2      | Reached skill level 4 in Axes
  2134 | D:2      | Reached XP level 4. HP: 26/30 MP: 3/3
  2871 | D:3      | Reached skill level 5 in Axes
  2921 | D:3      | Found a shattered altar of Ashenzari.
  3018 | D:3      | Acquired Trog's third power
  3257 | D:3      | Reached XP level 5. HP: 35/35 MP: 4/4
  3362 | D:3      | Noticed Sigmund
  3378 | D:3      | Killed Sigmund
  3654 | D:3      | Noticed Robin
  3673 | D:3      | Killed Robin
  3673 | D:3      | Reached skill level 6 in Axes
  3906 | D:3      | Noticed Terence
  3928 | D:3      | Killed Terence
  3928 | D:3      | Reached XP level 6. HP: 41/41 MP: 5/5
  4457 | D:4      | Noticed LogicNinja's ghost (experienced LaBe)
  4461 | D:4      | Received a gift from Trog
  4486 | D:4      | HP: 2/41 [LogicNinja's ghost (5)]
  4489 | D:4      | Gained mutation: You are frail (-10% HP). [potion of mutation]
  4489 | D:4      | Gained mutation: Your muscles are strong. (Str +2) [potion of mutation]
  4489 | D:4      | Gained mutation: Your system is resistant to poisons. [potion of mutation]
  4490 | D:4      | Quit the game

Action                   |  1- 3 |  4- 6 || total
-------------------------+-------+-------++-------
Melee: Hand axe          |   122 |   232 ||   354
Invok: Berserk           |       |     5 ||     5
  Use: Scroll            |       |     4 ||     4
       Potion            |       |     3 ||     3
 Stab: Sleeping          |     2 |     5 ||     7
  Eat: Chunk             |     3 |    11 ||    14
       Pizza             |       |     1 ||     1
